 Dungeon Crawl Stone Soup version 0.30.1-11-g7821555f0a (webtiles) character file.

Game seed: 3834081152771925747

16831 hawla the Carver (level 12, -13/94 HPs)
             Began as a Pale Draconian Conjurer on Jan 11, 2024.
             Was a Priest of Vehumet.
             Mangled by a red ugly thing (19 damage)
             ... on level 13 of the Dungeon.
             The game lasted 00:45:03 (12975 turns).

hawla the Carver (Pale Draconian Conjurer)         Turns: 12975, Time: 00:45:03

Health: -13/94     AC: 12    Str: 10    XL:     12   Next: 13%
Magic:  23/30      EV: 20    Int: 23    God:    Vehumet [***...]
Gold:   537        SH:  0    Dex: 14    Spells: 7/23 levels left

rFire   . . .        B - +1 dagger (venom)
rCold   . . .        (no shield)
rNeg    . . .        (body armour unavailable)
rPois   .            (helmet restricted)
rElec   .            F - +0 cloak "Boapylem" {+Blink Dex+4 Stlth-}
rCorr   .            z - +2 pair of gloves
SInv    .            (no boots)
Will    .....        t - amulet of regeneration
Stlth   +++          b - ring of magical power
HPRegen 1.15/turn    p - +5 ring of evasion
MPRegen 0.22/turn

%: no passive effects
@: short of breath, on blink cooldown
A: breathe steam, AC +8, unfitting armour, cold-blooded, steam resistance
a: Breathe Steam, Renounce Religion, Evoke Blink


You were on level 13 of the Dungeon.
You worshipped Vehumet.
Vehumet was most pleased with you.
You visited 2 branches of the dungeon, and saw 14 of its levels.

You collected 804 gold pieces.
You spent 267 gold pieces at shops.

Inventory:

Hand Weapons
 k - a +3 long sword of chaos
 B - a +1 dagger of venom (weapon)
Armour
 z - a +2 pair of gloves (worn)
 F - the +0 cloak "Boapylem" (worn) {+Blink Dex+4 Stlth-}
   (You found it on level 10 of the Dungeon)

   Dex:       It affects your dexterity (+4).
   +Blink:    It lets you blink.
   Stlth:     It makes you less stealthy.
Jewellery
 b - a ring of magical power (left hand)
 i - a ring of positive energy
 p - a +5 ring of evasion (right hand)
 t - an amulet of regeneration (around neck)
 w - a ring of see invisible
 I - a ring of willpower
 N - a ring of ice
Wands
 j - a wand of polymorph (14)
 l - a wand of roots (8)
 G - a wand of acid (3)
 K - a wand of flame (2)
 M - a wand of paralysis (5)
Scrolls
 q - 6 scrolls of teleportation
 u - a scroll of butterflies
 v - a scroll of blinking
Potions
 a - a potion of magic
 c - 3 potions of mutation
 d - 2 potions of might
 e - 6 potions of flight
 f - 3 potions of curing
 h - a potion of heal wounds
 m - 3 potions of brilliance
 r - 2 potions of lignification
 s - a potion of resistance
 C - a potion of cancellation
 J - a potion of ambrosia
 L - a potion of haste
Miscellaneous
 g - a phantom mirror
 y - a lightning rod (3/4)


   Skills:
 + Level 5.5 Fighting
 + Level 1.3(5.4) Short Blades
 + Level 8.3(8.4) Long Blades
 + Level 8.0 Dodging
 - Level 8.0 Stealth
 + Level 6.4 Spellcasting
 + Level 7.6 Conjurations
 + Level 4.4 Translocations
 + Level 5.3 Transmutations
 + Level 5.3 Fire Magic
 + Level 3.0 Evocations


You had 7 spell levels left.
You knew the following spells:

 Your Spells              Type           Power      Damage    Failure   Level
a - Magic Dart            Conj           100%       1d8       1%          1
b - Searing Ray           Conj           84%        2d7       1%          2
c - Iskenderun's Mystic   Conj/Tloc      35%        2d8       1%          4
d - Flame Wave            Conj/Fire      37%        2d10      1%          4
e - Irradiate             Conj/Tmut      18%        3d17      4%          5

Your spell library contained the following spells:

 Spells                   Type           Power      Damage    Failure   Level
 Momentum Strike          Conj/Tloc      70%        3d9       1%          2
 Scorch                   Fire           64%        2d7       1%          2
 Dazzling Flash           Conj/Hex       50%        N/A       1%          3
 Fulminant Prism          Conj/Hex       12%        3d8       4%          4
 Sublimation of Blood     Necr           7%         N/A       12%         2
 Petrify                  Tmut/Erth      19%        N/A       26%         4
 Metabolic Englaciation   Hex/Ice        3%         N/A       92%         5
 Statue Form              Tmut/Erth      12%        N/A       99%         6
 Summon Cactus Giant      Summ           3%         N/A       100%        6


Dungeon Overview and Level Annotations

Branches:
Dungeon (13/15)            Temple (1/1) D:7            Lair (0/5) D:11
    Orc (0/2) D:12
 Vaults: D:13-14

Altars:
Ashenzari
Cheibriados
Dithmenos
Elyvilon
Fedhas
Gozag
Hepliaklqana
Kikubaaqudgha
Makhleb
Nemelex Xobeh
Okawaru
Qazlal
Ru
Sif Muna
Trog
Uskayaw
Vehumet
Wu Jian
Xom
Yredelemnul
Zin
The Shining One

Shops:
D:6 **[   D:7 *   D:9 :

Annotations:
D:11 1 runed translucent door


Innate Abilities, Weirdness & Mutations

You can breathe blasts of scalding, opaque steam.
Your pale cyan-grey scales are hard. (AC +8)
You cannot fit into any form of body armour.
You are cold-blooded and may be slowed by cold attacks.
You are immune to the effects of steam.


Message History

The centaur warrior wields a +0 shortbow.
The centaur warrior shoots an arrow.
The arrow hits you!!
Unknown command.
Your +1 dagger of venom begins to drip with poison!
B - a +1 dagger of venom (weapon)
A slime creature comes into view.
You hit the slime creature but do no damage.
You tail-slap the slime creature.
The slime creature is moderately wounded.
You hit the centaur warrior.
The centaur warrior is heavily wounded.
The centaur warrior is engulfed in a cloud of scalding steam.
The centaur warrior unwields a +0 shortbow.
The centaur warrior misses you.
The centaur warrior kicks you but does no damage.
The slime creature is engulfed in a cloud of scalding steam.
The slime creature hits you.
You closely miss the centaur warrior. You tail-slap the centaur warrior.
The centaur warrior is severely wounded.
The centaur warrior hits you! The centaur warrior misses you.
The slime creature hits you but does no damage.
The slime creature is engulfed in a cloud of scalding steam.
You closely miss the centaur warrior.
The centaur warrior is severely wounded.
The centaur warrior hits you but does no damage.
The centaur warrior kicks you but does no damage.
The slime creature hits you!
* * * LOW HITPOINT WARNING * * *
Okay, then.
You blink.
The centaur warrior wields a +0 shortbow.
The centaur warrior shoots an arrow.
The arrow barely misses you.
Okay, then.
The centaur warrior shoots an arrow.
The arrow hits you!
* * * LOW HITPOINT WARNING * * *
The slime creature attacks as you move away!
The slime creature misses you. The red ugly thing tail-slaps you!
* * * LOW HITPOINT WARNING * * *
You are engulfed in flames!!
You die...

#.# #.# #.# #.# # #.#
##########.# ###.#
#........#.# #...# # #.
#.....# #.###
#.#.####.J@..# #.#
.....cJu...# #.#
.....J....$# #.#
...#......?# #.#
.#.#.ยง....## #.#
#.......## #.#
#....#.##..# #.#
.#.......$.# #.#
#.#..##...###########.#


You could see a red ugly thing, 3 slime creatures and a centaur warrior.

Vanquished Creatures
  Harold (D:10)
  4 two-headed ogres
  A boulder beetle (D:12)
  A cyclops (D:12)
  A manticore (D:12)
  Joseph (D:10)
  Maggie (D:8)
  Maurice (D:9)
  5 trolls
  A hornet (D:8)
  7 slime creatures (D:12)
  3 shadows
  A water elemental (D:11)
  2 wyverns
  5 wraiths
  3 yaks (D:8)
  A steam dragon (D:10)
  6 vampire mosquitoes
  An acid dragon (D:12)
  4 water moccasins
  8 orc warriors
  2 black bears
  An ice beast (D:5)
  2 ogres
  4 wolves (D:11)
  7 centaurs
  2 phantoms
  A kobold brigand (D:11)
  2 bullfrogs
  2 gnoll sergeants
  10 scorpions
  11 wights
  11 killer bees
  3 electric eels (D:11)
  5 jellies
  7 hounds
  7 orc priests
  A gnoll bouda (D:7)
  A sleepcap (D:6)
  3 iguanas
  15 orc wizards
  3 adders
  13 gnolls
  3 shadow imps (D:4)
  6 white imps
  2 ufetubi
  A worm (D:5)
  A dart slug (D:1)
  40 orcs
  3 ball pythons
  6 bats
  4 endoplasms
  8 giant cockroaches
  6 goblins
  9 hobgoblins
  3 quokkas
  4 frilled lizards
  9 kobolds
  5 rats
  A butterfly (D:11)
282 creatures vanquished.

Vanquished Creatures (others)
  A centaur (D:11)
1 creature vanquished.

Grand Total: 283 creatures vanquished

Notes
Turn   | Place    | Note
-------+----------+-------------------------------------------
     0 | D:1      | hawla the Draconian Conjurer began the quest for the Orb.
     0 | D:1      | Reached XP level 1. HP: 14/14 MP: 3/3
   201 | D:1      | Reached XP level 2. HP: 20/20 MP: 0/5
   682 | D:1      | Found a faded altar of an unknown god.
  1164 | D:2      | Reached XP level 3. HP: 26/26 MP: 6/6
  1989 | D:4      | Learned a level 2 spell: Searing Ray
  2149 | D:4      | Reached XP level 4. HP: 30/34 MP: 7/7
  2150 | D:4      | Reached skill level 1 in Long Blades
  2228 | D:4      | Noticed an ogre
  2232 | D:4      | Killed an ogre
  2233 | D:4      | Reached skill level 1 in Fighting
  2233 | D:4      | Reached XP level 5. HP: 40/40 MP: 8/8
  2238 | D:4      | Learned a level 4 spell: Iskenderun's Mystic Blast
  2390 | D:4      | Found a hazy altar of Hepliaklqana.
  2434 | D:4      | Noticed a phantom
  2453 | D:4      | Killed a phantom
  2454 | D:4      | Reached XP level 6. HP: 33/47 MP: 3/9
  2697 | D:4      | Reached skill level 5 in Conjurations
  3159 | D:5      | Entered Level 5 of the Dungeon
  3269 | D:5      | Your scales start taking on a pale cyan-grey colour.
  3269 | D:5      | Reached XP level 7. HP: 52/52 MP: 11/11
  3269 | D:5      | Gained mutation: You are immune to the effects of steam.
                  | [Pale Draconian growth]
  3544 | D:5      | Found a burning altar of Makhleb.
  3770 | D:5      | Found a hide-covered altar of Uskayaw.
  4170 | D:6      | Found Ychuarao's Antique Armour Emporium.
  4449 | D:6      | Reached XP level 8. HP: 62/62 MP: 12/12
  4573 | D:6      | Found Idghaistrile's Assorted Antiques.
  4594 | D:6      | Reached skill level 5 in Long Blades
  4675 | D:6      | Bought a scroll of identify for 68 gold pieces
  4675 | D:6      | Bought a scroll labelled OCIUDU SOTIOHO for 34 gold pieces
  4958 | D:6      | Found Saepny's General Store.
  4961 | D:6      | Bought a scroll of identify for 20 gold pieces
  4961 | D:6      | Bought a scroll of teleportation for 30 gold pieces
  5289 | D:7      | Reached skill level 5 in Dodging
  5452 | D:7      | Found Zin's Purification Station.
  5455 | D:7      | Found a glowing silver altar of Zin.
  5458 | D:7      | Bought a potion of curing for 90 gold pieces
  5471 | D:7      | Found a staircase to the Ecumenical Temple.
  5520 | Temple   | Entered the Ecumenical Temple
  5981 | D:7      | Reached XP level 9. HP: 70/71 MP: 14/14
  6661 | D:7      | Found a bloodstained altar of Trog.
  6778 | D:7      | Found Hutyisot's CLEARANCE SALE!.
  6787 | D:7      | Bought a potion of heal wounds for 25 gold pieces
  7050 | D:8      | Found a shimmering altar of Xom.
  7050 | D:8      | Found a radiant altar of Vehumet.
  7059 | D:8      | Became a worshipper of Vehumet
  7425 | D:8      | Reached skill level 5 in Spellcasting
  7516 | D:8      | Learned a level 4 spell: Flame Wave
  7621 | D:8      | Reached skill level 1 in Fire Magic
  7846 | D:8      | Noticed a two-headed ogre
  7853 | D:8      | Killed a two-headed ogre
  7854 | D:8      | Reached XP level 10. HP: 20/80 MP: 17/17
  8114 | D:8      | Noticed Maggie
  8139 | D:8      | Killed Maggie
  8140 | D:8      | Reached skill level 5 in Fire Magic
  8447 | D:9      | Reached skill level 1 in Evocations
  8562 | D:9      | Found Carraix's Book Emporium.
  8585 | D:9      | Noticed Maurice
  8616 | D:9      | Killed Maurice
  8617 | D:9      | Reached skill level 5 in Fighting
  9080 | D:9      | Found a blossoming altar of Fedhas.
  9215 | D:9      | Reached * piety under Vehumet
  9215 | D:9      | Offered knowledge of Freeze by Vehumet.
  9262 | D:9      | Learned a level 5 spell: Irradiate
  9291 | D:10     | Entered Level 10 of the Dungeon
  9291 | D:10     | Noticed a two-headed ogre
  9343 | D:10     | Noticed Harold
  9348 | D:10     | Identified the +0 cloak "Boapylem" {+Blink Dex+4 Stlth-}
  9419 | D:10     | Reached skill level 1 in Transmutations
  9422 | D:10     | Killed Harold
  9423 | D:10     | Reached skill level 5 in Stealth
  9521 | D:10     | Killed a two-headed ogre
  9522 | D:10     | Reached skill level 5 in Transmutations
  9522 | D:10     | Reached XP level 11. HP: 71/86 MP: 11/18
 10174 | D:10     | Noticed Joseph
 10190 | D:10     | Killed Joseph
 10565 | D:11     | Found a sacrificial altar of Ru.
 10614 | D:11     | Found a runed translucent door.
 10616 | D:11     | Found a runed translucent door.
 10624 | D:11     | Reached ** piety under Vehumet
 10624 | D:11     | Offered knowledge of Foxfire by Vehumet.
 10940 | D:11     | Found a staircase to the Lair.
 11540 | D:12     | Reached skill level 1 in Short Blades
 11630 | D:12     | Noticed a boulder beetle
 11646 | D:12     | Killed a boulder beetle
 11654 | D:12     | Offered knowledge of Momentum Strike by Vehumet.
 11755 | D:12     | Noticed a two-headed ogre
 11768 | D:12     | Killed a two-headed ogre
 12169 | D:12     | Reached *** piety under Vehumet
 12249 | D:12     | Noticed a two-headed ogre
 12259 | D:12     | Killed a two-headed ogre
 12260 | D:12     | Reached XP level 12. HP: 94/94 MP: 21/21
 12657 | D:12     | Found a staircase to the Orcish Mines.
 12958 | D:13     | Noticed a centaur warrior
 12975 | D:13     | Mangled by a red ugly thing

Illustrated notes

Levels and vault maps discovered:
D:1:      spicycebolla_green_bress_n_ham, layout_basic,
          hellmonk_ecumenical_altar_heavens_door
D:2:      layout_basic, minmay_goblin_kobold_house
D:3:      layout_loops_cross
D:4:      layout_loops_ring, kennysheep_mini_moat, serial_demonic,
          serial_demonic_b, serial_demonic_d, serial_demonic_b,
          serial_demonic_e, serial_demonic_c, serial_demonic_g,
          serial_bayou_lagoon_b
D:5:      layout_cave_pods, eat_drink_and_be_merry_uskayaw,
          nicolae_overflow_crystal_walls
D:6:      layout_rooms, serial_shops, shop, nicolae_shop_behind_doors, shop
D:7:      layout_loops_ring, bloody_trog, zin_purify,
          minmay_temple_entry_nine_rooms, nicolae_shop_clearance
D:8:      layout_loops_corners, jmf_multi_god_temple, uniq_maggie
D:9:      layout_irregular_city, mainiacjoe_overflow_tiny_flanked, serial_shops,
          shop, uniq_maurice
D:10:     layout_rooms, skrybe_limestone_x, grunt_ministairs_13,
          minmay_quadrilaterals, uniq_joseph, uniq_harold
D:11:     lemuel_insect_pit, layout_gridville, erik_lair_island, serial_glass,
          glass_columns_a, glass_columns_b, glass_columns_b, glass_columns_b,
          glass_columns_c, glass_columns_a, glass_columns_c, glass_columns_a,
          feat_on_display, nicolae_ru_awakened_eye
D:12:     layout_roguey, hiddenorc1_lemuel
D:13:     layout_loops_ring, enter_trove_1, serial_bayou, serial_bayou_lake_a,
          serial_bayou_shore_a, serial_bayou_lagoon_a, serial_bayou_pond_e,
          serial_bayou_pond_a, serial_bayou_pond_d, hangedman_decor_peaks_small
Temple:   nicolae_temple_bog_church

Skill      XL: |  1  2  3  4  5  6  7  8  9 10 11 12 |
---------------+-------------------------------------+-----
Dodging        | 2 3 4 5 6 7 8 |  8.0
Stealth        | 2 3 4 5 8 |  8.0
Long Blades    | 2 3 4 5 7 8 |  8.3
Fighting       | 1 2 3 4 5 |  5.5
Translocations | 2 3 4 |  4.4
Conjurations   | 5 6 7 |  7.6
Spellcasting   | 3 5 6 |  6.4
Fire Magic     | 4 5 |  5.3
Evocations     | 3 |  3.0
Transmutations | 5 |  5.3
Short Blades   | 1 |  1.3

Action                     |  1- 3 |  4- 6 |  7- 9 | 10-12 || total
---------------------------+-------+-------+-------+-------++-------
  Melee: Unarmed           |    35 |       |       |       ||    35
         Long sword        |    76 |    70 |   184 |   259 ||   589
         Tailslap          |    16 |     6 |    17 |    48 ||    87
         Punch             |     2 |       |     2 |     3 ||     7
         Dagger            |       |       |       |    72 ||    72
   Cast: Magic Dart        |    30 |     1 |    11 |    18 ||    60
         Searing Ray       |     3 |     8 |    32 |    36 ||    79
         Iskenderun's Myst |       |     4 |     8 |    54 ||    66
         Flame Wave        |       |       |       |    16 ||    16
         Irradiate         |       |       |       |     1 ||     1
Ability: Breathe Steam     |       |       |     3 |    10 ||    13
         Evoke Blink       |       |       |       |     1 ||     1
  Evoke: Wand              |       |       |       |     1 ||     1
         Lightning rod     |       |       |       |     1 ||     1
    Use: Scroll            |     7 |     6 |     6 |    22 ||    41
         Potion            |       |       |     4 |     4 ||     8
   Stab: Sleeping          |     2 |     2 |     5 |     2 ||    11
         Distracted        |       |       |     2 |     6 ||     8
         Confused          |       |       |       |     1 ||     1
 Armour: Skin              |    63 |    27 |    57 |   132 ||   279
  Dodge: Dodged            |   115 |   104 |   286 |   527 ||  1032
